 Dungeon Crawl Stone Soup version 0.29.1-1-gd02db69 (webtiles) character file.

Game seed: 8411694646303039762

476 mallonox the Poker (level 6, 0/57 HPs)
             Began as a Minotaur Berserker on Feb 11, 2023.
             Was a Priest of Trog.
             Killed from afar by an orc wizard (9 damage)
             ... with a puff of flame
             ... on level 4 of the Dungeon.
             The game lasted 00:06:43 (3434 turns).

mallonox the Poker (Minotaur Berserker)             Turns: 3434, Time: 00:06:44

Health: 0/57       AC:  5    Str: 23    XL:     6   Next: 85%
Magic:  1/1        EV: 12    Int:  4    God:    Trog [***...]
Gold:   131        SH:  0    Dex: 10    Spells: 5/5 levels left

rFire   . . .      SeeInvis .   m - +0 spear (antimagic)
rCold   . . .      Faith    .   (no shield)
rNeg    . . .      Spirit   .   i - +0 ring mail
rPois   .          Reflect  .   (helmet restricted)
rElec   .          Harm     .   t - +2 cloak
rCorr   .          Rampage  .   (no gloves)
Will    .....                   (no boots)
Stlth   ..........              r - amulet of the acrobat
HPRegen 0.19/turn               (no ring)
MPRegen 0.07/turn               (no ring)

@: corroded, on berserk cooldown, slowed, very slow
A: horns 2, retaliatory headbutt
a: Renounce Religion, Berserk, Trog's Hand


You were on level 4 of the Dungeon.
You worshipped Trog.
Trog was most pleased with you.
You visited 1 branch of the dungeon, and saw 6 of its levels.

You collected 256 gold pieces.
You spent 125 gold pieces at shops.

Inventory:

Hand Weapons
 a - a +0 spear
 m - a +0 antimagic spear (weapon)
 u - a +0 war axe
Armour
 i - a +0 ring mail (worn)
 p - a +0 tower shield
 t - a +2 cloak (worn)
Jewellery
 r - an amulet of the acrobat (around neck)
Scrolls
 c - a scroll of brand weapon {unknown}
 d - a scroll of blinking {unknown}
 e - 2 scrolls of teleportation {unknown}
 f - a scroll of amnesia {unknown}
 h - a scroll of identify {unknown}
 k - a scroll of fog {unknown}
 n - a scroll of enchant armour {unknown}
 s - a scroll of magic mapping {unknown}
 v - a scroll of summoning {unknown}
Potions
 b - a potion of might {unknown}
 g - a potion of resistance {unknown}
 j - a potion of ambrosia {unknown}
 l - 2 potions of mutation {unknown}
 o - a potion of invisibility {unknown}
 q - 5 potions of curing {unknown}


   Skills:
 + Level 5.8 Fighting
 + Level 5.9 Polearms
 + Level 5.2 Armour
 + Level 3.6 Dodging


You had 5 spell levels left.
You didn't know any spells.
Your spell library was empty.

Dungeon Overview and Level Annotations

Branches:
Dungeon (6/15)
 Temple: D:4-7

Altars:

Shops:
D:1 =   D:3 *


Innate Abilities, Weirdness & Mutations

You have a pair of horns on your head.
You reflexively headbutt those who attack you in melee.


Message History

The jelly closely misses you.
Your Armour skill increases to level 5!
You hit the jelly.
Your hands burn!
* * * LOW HITPOINT WARNING * * *
The jelly is almost dead.
You puncture the jelly!
You kill the jelly!
Trog accepts your kill.
You closely miss something. You miss something. Something hits you.
* * * LOW HITPOINT WARNING * * *
You barely miss something. Your headbutt misses something.
You puncture something! Something hits you.
* * * LOW HITPOINT WARNING * * *
You puncture the ball python!
You feel the power of Trog in you as your rage grows.
You kill the ball python!
Trog accepts your kill. Something hits you.
* * * LOW HITPOINT WARNING * * *
You feel a strong urge to attack something.
Something barely misses you.
You feel your anger nearly subside.
You are no longer berserk.
You are exhausted.
You feel yourself slow down. Something misses you.
You see here a +0 hand axe.
There is a stone staircase leading down, spattered with blood here.
You start resting.
Something misses you. Something hits you.
* * * LOW HITPOINT WARNING * * *
You start resting.
You hear some strange, mumbled words.
A magic dart appears from out of thin air!
The magic dart hits you.
* * * LOW HITPOINT WARNING * * *
There is a strange disturbance nearby!
You hit something but do no damage.
You hear some strange, mumbled words.
A puff of flame appears from out of thin air!
The puff of flame hits you!
You die...

.. #....#
##.##....#
#........#
#........#
#.....?..#
#.......# #
#.......# #.#
#......{#...#
#......@....#
#......)###.#
...........#
###........#
########.# .#
.. ##


There were no monsters in sight!

Vanquished Creatures
  A water moccasin (D:5)
  A phantom (D:4)
  A jelly (D:4)
  An orc priest (D:4)
  An iguana (D:5)
  2 orc wizards
  3 gnolls (D:2)
  5 adders
  3 worms
  3 dart slugs
  6 orcs
  8 bats
  5 endoplasms
  A giant cockroach (D:2)
  5 goblins
  4 hobgoblins
  10 kobolds
  3 quokkas
  5 ball pythons
  2 frilled lizards
  7 rats
77 creatures vanquished.

Vanquished Creatures (others)
  3 plants (D:5)
3 creatures vanquished.

Grand Total: 80 creatures vanquished

Notes
Turn   | Place    | Note
-------+----------+-------------------------------------------
     0 | D:1      | mallonox the Minotaur Berserker began the quest for the
                  | Orb.
     0 | D:1      | Reached XP level 1. HP: 19/19 MP: 0/0
   123 | D:1      | Reached XP level 2. HP: 27/27 MP: 1/1
   482 | D:1      | Found Tyr Xoinn's Jewellery Shop.
   510 | D:1      | Reached ** piety under Trog
   832 | D:2      | Reached XP level 3. HP: 31/34 MP: 2/2
   897 | D:2      | Reached skill level 5 in Fighting
  1094 | D:2      | Reached XP level 4. HP: 42/42 MP: 1/3
  1580 | D:2      | Found a faded altar of an unknown god.
  1877 | D:3      | Found Wiruk's Assorted Antiques.
  1900 | D:3      | Bought a thick platinum amulet for 125 gold pieces
  2256 | D:3      | Reached XP level 5. HP: 23/40 MP: 1/4
  2256 | D:3      | Reached *** piety under Trog
  2770 | D:3      | You fall into a shaft and drop 3 floors!
  2793 | D:5      | Entered Level 5 of the Dungeon
  3194 | D:5      | Noticed a water moccasin
  3208 | D:5      | Reached skill level 5 in Polearms
  3215 | D:5      | Killed a water moccasin
  3216 | D:5      | Reached XP level 6. HP: 35/56 MP: 1/5
  3420 | D:4      | Reached skill level 5 in Armour
  3434 | D:4      | Killed from afar by an orc wizard

Illustrated notes

Levels and vault maps discovered:
D:1:      onia_arrival_handbag, layout_loops_ring, serial_shops, shop
D:2:      layout_basic, shapermc_ecumenical_altar_mp_vishouse
D:3:      layout_basic, serial_shops, shop_coins
D:4:      layout_basic, uniq_pikel
D:5:      nicolae_BIG_FREAKIN_CUBE, layout_basic, serial_bayou_crossing,
          uniq_prince_ribbit1
D:6:      gammafunk_cloud_chamber, layout_basic

Skill      XL: |  1  2  3  4  5  6 |
---------------+-------------------+-----
Fighting       | 4 5 |  5.8
Armour         | 3 4 5 |  5.2
Polearms       | 4 5 |  5.9
Dodging        | 3 |  3.6

Action                   |  1- 3 |  4- 6 || total
-------------------------+-------+-------++-------
Melee: Spear             |    93 |   171 ||   264
       Headbutt          |    11 |    17 ||    28
       Punch             |     1 |     1 ||     2
Invok: Berserk           |       |     2 ||     2
 Stab: Sleeping          |     1 |       ||     1
       Distracted        |       |     1 ||     1
Armor: Animal skin       |     7 |       ||     7
       Ring mail         |     5 |    45 ||    50
Dodge: Dodged            |    40 |    52 ||    92
